 Dungeon Crawl Stone Soup version 0.21-a0-507-ga8f6b7a (webtiles) character file.

1098 Protee the Insei (level 8, -4/56 HPs)
             Began as a Demonspawn Transmuter on Nov 27, 2017.
             Slain by a wraith (5 damage)
             ... in an ossuary.
             The game lasted 00:20:51 (9005 turns).

Protee the Insei (Demonspawn Transmuter)            Turns: 9005, Time: 00:20:52

Health: -4/56      AC:  5    Str: 10    XL:     8   Next: 10%
Magic:  7/11       EV: 12    Int: 17    God:
Gold:   176        SH:  0    Dex: 14    Spells: 2/11 levels left

rFire    . . .     SeeInvis .     - Unarmed
rCold    . . .     Gourm    .   (no shield)
rNeg     . . .     Faith    .   b - +1 robe
rPois    .         Spirit   .   (no helmet)
rElec    .         Reflect  .   (no cloak)
rCorr    .         Harm     .   (no gloves)
MR       +....                  (no boots)
Stlth    +.........             (no amulet)
HPRegen  0.18/turn              q - ring of protection from magic
MPRegen  0.12/turn              (no ring)

@: drained
A: hooves 1, thin metallic scales 1, powered by death 1, rot immunity
a: no special abilities


You were in an ossuary.
You were hungry.

You visited 1 branch of the dungeon, and saw 6 of its levels.
You also visited: Ossuary.

You collected 215 gold pieces.
You spent 39 gold pieces at shops.

Inventory:

Missiles
 a - 125 arrows
 f - 6 tomahawks of returning (quivered)
 u - 5 silver tomahawks
Armour
 b - a +1 robe (worn)
Jewellery
 q - a ring of protection from magic (left hand)
 r - an uncursed ring of fire
 s - an uncursed ring of teleportation
Wands
 x - a wand of iceblast (9)
 y - a wand of paralysis (14)
 A - a wand of digging (7)
 G - a wand of random effects (17)
 H - a wand of polymorph (12)
Scrolls
 g - 7 scrolls of teleportation
 i - 3 scrolls of remove curse
 l - 2 scrolls of amnesia
 p - 2 scrolls of immolation
 w - a scroll of fear
 z - a scroll of enchant armour
 B - a scroll of enchant weapon
 D - 2 scrolls of blinking
 E - 4 scrolls of identify
Potions
 h - a potion of heal wounds {unknown}
 j - a potion of haste {unknown}
 n - a potion of curing
 t - a potion of magic
 v - a potion of brilliance
 F - a potion of agility {unknown}
Books
 c - a book of Changes

   Spells                             Type                      Level
   a - Beastly Appendage              Transmutation                1
   b - Sticks to Snakes               Transmutation                2
   c - Spider Form                    Transmutation/Poison         3
   d - Ice Form                       Ice/Transmutation            4
   e - Blade Hands                    Transmutation                5
Comestibles
 d - 7 bread rations
 k - 7 fruits
 m - 2 meat rations
 o - 2 royal jellies


   Skills:
 - Level 2.2(1.8) Fighting
 + Level 4.4(4.0) Throwing
 - Level 1.7(1.3) Dodging
 * Level 7.6(7.1) Unarmed Combat
 - Level 2.0(1.6) Spellcasting
 - Level 1.7(1.3) Transmutations


You had 2 spell levels left.
You knew the following spells:

 Your Spells              Type           Power        Failure   Level  Hunger
a - Ice Form              Ice/Tmut       #.......     83%         4    #####..
b - Spider Form           Tmut/Pois      #.........   41%         3    ####...
c - Sticks to Snakes      Tmut           #.......     17%         2    ###....


Dungeon Overview and Level Annotations

Branches:
Dungeon (6/15)
 Temple: D:4-7

Altars:
Fedhas
Gozag
Hepliaklqana
Makhleb
Trog
Uskayaw
Xom
The Shining One

Shops:
D:5 *

Annotations:
D:3 Protee's ghost, amateur NaTm


Innate Abilities, Weirdness & Mutations

You have large cloven feet.
You are partially covered in thin metallic scales. (AC +2)
You regenerate a little health from kills.
You are immune to rotting.


Message History

The wraith barely misses you.
You feel better.
Your transformation has ended.
Your +1 robe unmelds from your body.
The wraith hits you!
* * * LOW HITPOINT WARNING * * *
The wraith drains your vigour!
You feel as though you will be slow longer.
The wraith misses you.
You fade into invisibility!
The wraith barely misses you.
You are very lightly contaminated with residual magic.
It was a potion of cancellation.
Your magical effects are unravelling.
You feel magically purged.
Your magical contamination has completely faded away.
You feel yourself speed up.
You flicker back into view.
The wraith hits you!
* * * LOW HITPOINT WARNING * * *
The wraith hits you.
You die...

#.............#
#.###.....###.#
#.#z#.....# .#
#.###.....# .#
#.............#
#.............#
#.###.###.###.#
#.#W#.#z .# #
#.@##. ##.#
#..........
###########


You could see a wraith.

Vanquished Creatures
  An elf skeleton (D:6)
  A scorpion (D:4)
  3 wights (Ossuary)
  2 howler monkeys (D:4)
  A centaur zombie (Ossuary)
  2 crimson imps (D:4)
  A hound (D:5)
  A jelly (D:5)
  3 orc wizards
  A human zombie (D:6)
  4 orc priests
  3 bullfrog skeletons
  An iguana (D:4)
  2 worker ants
  A howler monkey skeleton (D:5)
  9 adders
  3 adder zombies (Ossuary)
  An adder skeleton (D:5)
  A worm (D:2)
  A dart slug (D:2)
  A leopard gecko (D:4)
  18 orcs
  3 giant cockroaches
  10 goblins
  10 hobgoblins
  18 jackals
  7 kobolds
  4 quokkas
  2 ball pythons (D:1)
  3 ball python skeletons
  9 bats
  2 frilled lizards
  A hobgoblin skeleton (Ossuary)
  A hobgoblin zombie (Ossuary)
  A leopard gecko zombie (D:6)
  3 orc zombies
  2 quokka zombies (D:5)
  7 rats
144 creatures vanquished.

Notes
Turn   | Place    | Note
-------+----------+-------------------------------------------
     0 | D:1      | Protee the Demonspawn Transmuter began the quest for the Orb.
     0 | D:1      | Reached XP level 1. HP: 15/15 MP: 3/3
     6 | D:1      | Noticed a wyvern
     6 | D:1      | Noticed a black bear
     6 | D:1      | Noticed a wolf
     6 | D:1      | Noticed a komodo dragon
   108 | D:1      | Reached skill level 3 in Unarmed Combat
   110 | D:1      | Gained mutation: You are partially covered in thin metallic scales. (AC +2) [demonic ancestry]
   110 | D:1      | Reached XP level 2. HP: 7/21 MP: 1/5
   709 | D:1      | Reached XP level 3. HP: 27/27 MP: 6/6
  1277 | D:1      | Learned a level 3 spell: Spider Form
  1280 | D:1      | Learned a level 2 spell: Sticks to Snakes
  1970 | D:2      | Reached skill level 4 in Unarmed Combat
  2166 | D:2      | Reached XP level 4. HP: 24/33 MP: 3/7
  2381 | D:2      | Found a blossoming altar of Fedhas.
  2897 | D:2      | Found a shimmering altar of Xom.
  3295 | D:2      | Found a hazy altar of Hepliaklqana.
  3295 | D:2      | Found a glowing golden altar of the Shining One.
  4194 | D:3      | Noticed Protee's ghost (amateur NaTm)
  4695 | D:3      | Found an opulent altar of Gozag.
  4753 | D:3      | Gained mutation: You are immune to rotting. [demonic ancestry]
  4753 | D:3      | Reached XP level 5. HP: 32/38 MP: 4/8
  5389 | D:4      | Reached skill level 5 in Unarmed Combat
  5605 | D:4      | Reached skill level 1 in Throwing
  5965 | D:4      | Found a hide-covered altar of Uskayaw.
  5991 | D:4      | Gained mutation: You have large cloven feet. [demonic ancestry]
  5991 | D:4      | Reached XP level 6. HP: 33/44 MP: 1/9
  6694 | D:5      | Entered Level 5 of the Dungeon
  6696 | D:5      | Found a burning altar of Makhleb.
  6784 | D:4      | Learned a level 4 spell: Ice Form
  6997 | D:5      | Reached skill level 6 in Unarmed Combat
  7141 | D:4      | Gained mutation: You regenerate a little health from kills. [demonic ancestry]
  7141 | D:4      | Reached XP level 7. HP: 21/50 MP: 3/10
  7598 | D:5      | Found Afaezumo's General Store.
  8141 | D:5      | Bought a scroll of remove curse for 39 gold pieces
  8258 | D:5      | Found a bloodstained altar of Trog.
  8482 | D:6      | Reached skill level 7 in Unarmed Combat
  8627 | D:6      | Found a sand-covered staircase.
  8642 | Ossuary  | Entered an ossuary
  8727 | Ossuary  | Reached XP level 8. HP: 53/56 MP: 8/11
  8812 | Ossuary  | Noticed a flying skull
  8961 | Ossuary  | Noticed a flying skull
  8978 | Ossuary  | Noticed a flying skull
  9005 | Ossuary  | HP: 1/56 [wraith (12)]
  9005 | Ossuary  | Slain by a wraith

Vault maps used:
D:1:      onia_arrival_zoo_common
D:2:      gammafunk_temple_overflow_elements, fedhas_altar_1,
          nicolae_overflow_hidden_temple
D:3:      grunt_gozag_statues, st_stairs_2
D:4:      eat_drink_and_be_merry_uskayaw, first_bread
D:5:      bloody_trog, serial_shops, shop, makhleb_heckhound_becter
D:6:      nicolae_ossuary_entry_catacombs, serial_shops, shop,
          trog_hazing_becter, uniq_grinder
Ossuary:  ossuary_due_cavern

Skill      XL: |  1  2  3  4  5  6  7 |
---------------+----------------------+-----
Unarmed Combat | 3 4 5 6 7 |  7.6
Fighting       | 2 |  2.2
Throwing       | 2 3 4 |  4.4
Dodging        | |  1.7
Spellcasting   | |  2.0
Transmutations | |  1.7

Action                   |  1- 3 |  4- 6 |  7- 9 || total
-------------------------+-------+-------+-------++-------
Melee: Unarmed           |   109 |   261 |   146 ||   516
       Headbutt          |     6 |       |       ||     6
       Kick              |     7 |     6 |    17 ||    30
       Punch             |     1 |     4 |       ||     5
Throw: Tomahawk          |       |    11 |       ||    11
 Cast: Beastly Appendage |    17 |       |       ||    17
       Spider Form       |     4 |    31 |    24 ||    59
       Sticks to Snakes  |       |     1 |       ||     1
  Use: Scroll            |       |    10 |     4 ||    14
       Potion            |       |     1 |     3 ||     4
 Stab: Sleeping          |     1 |     2 |     3 ||     6
  Eat: Chunk             |     5 |    21 |     9 ||    35
       Fruit             |       |     2 |     2 ||     4
Armor: Robe              |    19 |    36 |     8 ||    63
       Skin              |     2 |     8 |     6 ||    16
Dodge: Dodged            |    66 |   216 |    76 ||   358

Table legend:
 A = Spawn XP
 B = Non-spawn XP
 C = Spawn XP percentage of total XP
 D = Spawn monster count
 E = Non-spawn monster count
 F = Spawn count percentage of total count
 G = Total turns spent on level
                    A         B        C        D         E        F      G
               +---------+---------+-------+---------+---------+-------+---------
         Total |       0 |    1569 |   0.0 |       0 |     144 |   0.0 |  9005
               +---------+---------+-------+---------+---------+-------+---------
           D:1 |       0 |      46 |   0.0 |       0 |      28 |   0.0 |  1338
           D:2 |       0 |     109 |   0.0 |       0 |      21 |   0.0 |  2931
           D:3 |       0 |      63 |   0.0 |       0 |      28 |   0.0 |  1248
           D:4 |       0 |     563 |   0.0 |       0 |      28 |   0.0 |  1920
           D:5 |       0 |     335 |   0.0 |       0 |      17 |   0.0 |   976
           D:6 |       0 |     209 |   0.0 |       0 |      10 |   0.0 |   229
       Ossuary |       0 |     244 |   0.0 |       0 |      12 |   0.0 |   363
               +---------+---------+-------+---------+---------+-------+---------
